 Dungeon Crawl Stone Soup version 0.31.0-11-ge490571c62 (webtiles) character file.

Game seed: 4070106063971752404

394 Arcadio the Poker (level 6, -1/51 HPs)
             Began as a Merfolk Monk on Jan 28, 2024.
             Slain by a gnoll
             ... wielding a +0 halberd
              (6 damage)
             ... on level 5 of the Dungeon.
             The game lasted 00:04:46 (3180 turns).

Arcadio the Poker (Merfolk Monk)                    Turns: 3180, Time: 00:04:47

Health: -1/51      AC: 11    Str: 13    XL:     6   Next: 81%
Magic:  2/2        EV:  5    Int:  9    God:
Gold:   314        SH:  0    Dex: 20    Spells: 5/5 levels left

rFire   . . .        i - +9 hand axe "Wemucoaf" {antimagic, *Noise Dex+3}
rCold   . . .        d - orb {light}
rNeg    . . .        n - +0 plate armour
rPois   .            (no helmet)
rElec   .            q - +0 cloak
rCorr   .            (no gloves)
SInv    .            (no boots)
Will    .....        (no amulet) Stlth
                     (no ring)
HPRegen 0.28/turn    (no ring)
MPRegen 0.08/turn

%: no passive effects
@: glowing
A: (nimble swimmer 2), mertail
a: no special abilities


You were on level 5 of the Dungeon.
You visited 1 branch of the dungeon, and saw 5 of its levels.

You collected 314 gold pieces.

Inventory:

Hand Weapons
 a - a +0 spear
 i - the +9 hand axe "Wemucoaf" (weapon) {antimagic, *Noise Dex+3}
   (You found it on level 2 of the Dungeon)

   Dex+3:     It affects your dexterity (+3).
   *Noise:    It may make a loud noise when swung.
 s - the +4 mace of the Final Queens {freeze, +Blink rElec Str+2 Dex-3}
   (You found it on level 4 of the Dungeon)

   Str+2:     It affects your strength (+2).
   Dex-3:     It affects your dexterity (-3).
   rElec:     It insulates you from electricity.
   +Blink:    It lets you blink.
Missiles
 p - a throwing net (quivered)
Armour
 b - a +0 robe
 d - an orb of light (worn)
 n - a +0 plate armour (worn)
 q - a +0 cloak (worn)
Wands
 m - a wand of flame (20)
 t - a wand of charming (12)
Scrolls
 f - a scroll of amnesia {unknown}
 g - 3 scrolls of blinking {unknown}
 h - 2 scrolls of teleportation {unknown}
 k - a scroll of revelation {unknown}
 o - a scroll of immolation {unknown}
 r - 8 scrolls of identify {unknown}
Potions
 c - 2 potions of ambrosia
 e - 2 potions of heal wounds {unknown}
 j - 4 potions of curing {unknown}
 l - 3 potions of attraction {unknown}


   Skills:
 + Level 5.4 Fighting
 + Level 6.4 Polearms
 + Level 6.4 Dodging


You had 5 spell levels left.
You didn't know any spells.
Your spell library contained the following spells:

 Spells                   Type           Power      Damage    Failure   Level
 Magic Dart               Conj           0%         1d3       100%        1
 Necrotise                Necr           0%         1d4       100%        1
 Blink                    Tloc           0%         N/A       100%        2
 Call Imp                 Summ           0%         N/A       100%        2
 Ensorcelled Hibernation  Hex/Ice        0%         N/A       100%        2
 Fugue of the Fallen      Necr           0%         N/A       100%        3
 Hailstorm                Conj/Ice       0%         3d5       100%        3
 Summon Ice Beast         Ice/Summ       0%         N/A       100%        3
 Vampiric Draining        Necr           0%         2d6       100%        3
 Anguish                  Hex/Necr       0%         N/A       100%        4
 Martyr's Knell           Necr/Summ      0%         N/A       100%        4
 Curse of Agony           Necr           0%         N/A       100%        5
 Sculpt Simulacrum        Ice/Alch       0%         N/A       100%        6


Dungeon Overview and Level Annotations

Branches:
Dungeon (5/15)
 Temple: D:4-7

Altars:
Hepliaklqana
Wu Jian
The Shining One

Shops:
D:2 :


Innate Abilities, Weirdness & Mutations

((You are very nimble when in or above water. (Stealth+, EV+, Speed+++)))
Your lower body shifts to a powerful aquatic tail in water.


Message History

You kill the orc!
You slash the orc!
You kill the orc!
There is an open door, spattered with blood here.
Items here: ( )))) [[[ ††.
A gnoll comes into view. It is wielding a +0 halberd.
A gnoll is nearby!
A gnoll comes into view. It is wielding a +0 spear.
The gnoll shouts!
A gnoll comes into view. It is wielding a +0 spear.
The gnoll shouts!
The gnoll hits you but does no damage.
You slash the gnoll!
The gnoll is almost dead.
The gnoll barely misses you. The gnoll barely misses you.
The gnoll hits you but does no damage. The gnoll barely misses you.
You hit the gnoll.
The gnoll is moderately wounded.
The gnoll barely misses you. The gnoll hits you with a +0 spear.
The gnoll hits you from afar with a +0 halberd!
You hit the gnoll.
The gnoll is heavily wounded.
The gnoll hits you but does no damage. The gnoll hits you with a +0 spear.
The gnoll hits you from afar with a +0 halberd.
You hit the gnoll.
The gnoll is severely wounded.
The gnoll barely misses you. x2
The gnoll hits you from afar with a +0 halberd!
You hit the gnoll.
The gnoll is almost dead.
The gnoll hits you but does no damage. The gnoll hits you with a +0 spear.
The gnoll hits you from afar with a +0 halberd!
The gnoll hits you with a +0 spear. The gnoll hits you but does no damage.
The gnoll hits you from afar with a +0 halberd!
* * * LOW HITPOINT WARNING * * *
The gnoll hits you from afar with a +0 spear.
* * * LOW HITPOINT WARNING * * *
The gnoll hits you from afar with a +0 halberd.
You die...

#. .). #.#
##'##
##...##
##.....##
##...g...##
#.........#
+....@.g..+
#......g..#
..#
##.......##
..#
##.....##
#.# ##...##
#.# ##)##
#.# #.# #.#
#######.#
#.#
#.......##
#<#


You could see 3 gnolls.

Vanquished Creatures
  A scorpion (D:4)
  Crazy Yiuf (D:3)
  A sleepcap (D:4)
  Jessica (D:3)
  Natasha (thrice) (D:3)
  An iguana (D:3)
  3 adders
  3 gnolls (D:3)
  2 ufetubi (D:4)
  An adder skeleton (D:2)
  2 adder zombies (D:2)
  5 orcs
  5 bats
  A bat skeleton (D:2)
  2 bat zombies (D:2)
  6 endoplasms
  2 giant cockroaches
  7 goblins
  8 hobgoblins
  2 quokkas (D:1)
  8 ball pythons
  5 frilled lizards
  A giant cockroach zombie (D:2)
  6 kobolds
  5 rats
  A spectral hobgoblin (D:3)
83 creatures vanquished.

Notes
Turn   | Place    | Note
-------+----------+-------------------------------------------
     0 | D:1      | Arcadio the Merfolk Monk began the quest for the Orb.
     0 | D:1      | Reached XP level 1. HP: 18/18 MP: 1/1
    57 | D:1      | Reached XP level 2. HP: 20/24 MP: 2/2
   685 | D:1      | Found a faded altar of an unknown god.
   845 | D:2      | Reached XP level 3. HP: 30/30 MP: 3/3
   955 | D:2      | Identified the +9 hand axe "Wemucoaf" {antimagic, *Noise
                  | Dex+3}
  1213 | D:2      | Reached XP level 4. HP: 37/37 MP: 1/4
  1237 | D:2      | Reached skill level 5 in Polearms
  1265 | D:2      | Found Fekk's Book Emporium.
  1343 | D:2      | Found an ornate altar of the Wu Jian Council.
  1348 | D:2      | Reached skill level 5 in Dodging
  1640 | D:3      | Noticed Natasha
  1645 | D:3      | Killed Natasha
  1670 | D:3      | Noticed Natasha
  1678 | D:3      | Killed Natasha
  1679 | D:3      | Reached XP level 5. HP: 22/43 MP: 1/5
  1684 | D:3      | Noticed Jessica
  1694 | D:3      | Killed Jessica
  2100 | D:3      | Found a hazy altar of Hepliaklqana.
  2163 | D:3      | Noticed Natasha
  2167 | D:3      | Killed Natasha
  2168 | D:3      | Reached skill level 5 in Fighting
  2168 | D:3      | Reached XP level 6. HP: 35/51 MP: 2/6
  2589 | D:3      | Found a runed translucent door.
  2590 | D:3      | Noticed Crazy Yiuf
  2596 | D:3      | Killed Crazy Yiuf
  2756 | D:4      | Identified the +4 mace of the Final Queens {freeze, +Blink
                  | rElec Str+2 Dex-3}
  2812 | D:4      | Found a glowing golden altar of the Shining One.
  2820 | D:4      | You fall into a shaft and drop 1 floor!
  2820 | D:5      | Entered Level 5 of the Dungeon
  3180 | D:5      | Slain by a gnoll

Illustrated notes

Levels and vault maps discovered:
D:1:      dpeg_arrival_refuge, layout_basic,
          shapermc_ecumenical_altar_mp_vishouse
D:2:      layout_basic, serial_undead, serial_undead_c, serial_undead_f,
          serial_undead_f, serial_undead_c, serial_undead_f, serial_undead_f,
          serial_shops, nicolae_shop_gibbet_a_chance, basic_altar
D:3:      layout_basic, nicolae_hepliaklqana_monster_ancestors, uniq_natasha,
          uniq_crazy_yiuf_cottage, uniq_jessica
D:4:      layout_cave_pools, mainiacjoe_overflow_brackets
D:5:      layout_loops_corners, okawaru_altar_gauntlet_db,
          fedhas_bush_and_centaur_altar

Skill      XL: |  1  2  3  4  5  6 |
---------------+-------------------+-----
Fighting       | 4 5 |  5.4
Polearms       | 5 6 |  6.4
Dodging        | 5 6 |  6.4

Action                     |  1- 3 |  4- 6 || total
---------------------------+-------+-------++-------
  Melee: Spear             |    80 |       ||    80
         Hand axe          |    14 |    88 ||   102
 Armour: Robe              |    35 |    11 ||    46
         Plate armour      |       |    60 ||    60
  Dodge: Dodged            |    55 |    47 ||   102
